 Dungeon Crawl Stone Soup version 0.26-a0-1026-g544776af23 (webtiles) character file.

Game seed: 9956133050016199547

7311 lunkers the Merchant of Misery (level 11, 0/60 HPs)
             Began as a Vine Stalker Necromancer on Dec 9, 2020.
             Was a Believer of Kikubaaqudgha.
             Slain by an eight-headed hydra (8 damage)
             ... on level 1 of the Lair of Beasts.
             The game lasted 00:23:29 (10506 turns).

lunkers the Merchant of Misery (VSNe)              Turns: 10506, Time: 00:23:30

Health: 0/60       AC: 12    Str: 19    XL:     11   Next: 13%
Magic:  0/16       EV: 11    Int: 16    God:    Kikubaaqudgha [**....]
Gold:   526        SH:  0    Dex: 15    Spells: 10/15 levels left

rFire    . . .     SeeInvis .   a - +4 dagger (chaos)
rCold    . . .     Faith    .   (no shield)
rNeg     . . .     Spirit   +   y - +1 ring mail
rPois    .         Reflect  .   L - +0 helmet
rElec    .         Harm     .   v - scarf {shadows}
rCorr    .         Rampage  .   Q - +2 pair of gloves
Will     +....                  D - +1 pair of boots
Stlth    +.........             (no amulet)
HPRegen  0.60/turn              m - +6 ring of strength
MPRegen  0.15/turn              (no ring)

@: about to teleport
A: fangs 3, regeneration 1, magic shield, antimagic bite, no potion heal 3, rot
immunity
a: Receive Corpses, Renounce Religion


You were on level 1 of the Lair of Beasts.
You worshipped Kikubaaqudgha.
Kikubaaqudgha was pleased with you.
You visited 3 branches of the dungeon, and saw 11 of its levels.

You collected 608 gold pieces.
You spent 82 gold pieces at shops.

Inventory:

Hand Weapons
 a - a +4 dagger of chaos (weapon)
 b - a +0 double sword
 A - a +2 scimitar of flaming
 M - a +1 dagger of electrocution
Missiles
 G - 2 curare-tipped darts
Armour
 v - a scarf of shadows (worn)
 y - a +1 ring mail (worn)
 D - a +1 pair of boots (worn)
 L - a +0 helmet (worn)
 Q - a +2 pair of gloves (worn)
Jewellery
 g - an uncursed ring of fire
 m - a +6 ring of strength (left hand)
 n - an uncursed ring of ice
Wands
 w - a wand of disintegration (5)
 F - a wand of digging (6)
 H - a wand of paralysis (3)
 J - a wand of enslavement (7)
 N - a wand of iceblast (12)
 O - a wand of polymorph (8)
Scrolls
 e - 7 scrolls of magic mapping
 f - a scroll of fog
 i - 2 scrolls of enchant weapon
 k - a scroll of blinking
 s - 6 scrolls of remove curse
 z - 5 scrolls of amnesia
 I - a scroll of enchant armour
 P - 3 scrolls of fear
Potions
 d - a potion of mutation
 l - a potion of berserk rage {unknown}
 o - 2 potions of curing
 p - 3 potions of attraction
 q - a potion of might {unknown}
 r - 3 potions of ambrosia {unknown}
 t - a potion of brilliance {unknown}
 u - 3 potions of heal wounds
 x - 2 potions of flight
 B - 2 potions of lignification
 C - a potion of magic {unknown}
 E - a potion of resistance {unknown}


   Skills:
 + Level 8.5 Fighting
 - Level 8.0(9.1) Short Blades
 * Level 6.6(8.4) Long Blades
 - Level 1.5 Dodging
 - Level 2.4 Stealth
 - Level 2.6 Spellcasting
 - Level 9.0 Necromancy


You had 10 spell levels left.
You knew the following spells:

 Your Spells              Type           Power        Failure   Level
b - Animate Dead          Necr           ###.......   9%          4
p - Pain                  Necr           ###.         1%          1

Your spell library contained the following spells:

 Spells                   Type           Power        Failure   Level
 Animate Skeleton         Necr           ###...       1%          1
 Sublimation of Blood     Necr           ###.......   1%          2
 Vampiric Draining        Necr           ###.......   2%          3
 Agony                    Necr           ###.....     22%         5


Dungeon Overview and Level Annotations

Branches:
Dungeon (9/15)             Temple (1/1) D:6            Lair (1/6) D:8
    Orc: D:9-12

Altars:
Ashenzari
Cheibriados
Dithmenos
Elyvilon
Fedhas
Gozag
Hepliaklqana
Kikubaaqudgha
Makhleb
Nemelex Xobeh
Okawaru
Qazlal
Ru
Sif Muna
Trog
Uskayaw
Vehumet
Wu Jian
Xom
Yredelemnul
Zin
The Shining One

Shops:
D:5 *   D:7 }

Annotations:
D:5 1 runed translucent door, Tocho's ghost, amateur DrTm


Innate Abilities, Weirdness & Mutations

You have razor-sharp teeth.
Your natural rate of healing is unusually fast.
When hurt, damage is shared between your health and your magic reserves.
Your bite disrupts and absorbs the magic of your enemies.
Potions cannot restore your health.
You are immune to rotting.


Message History

The eight-headed hydra barely misses you.
The eight-headed hydra bites you!
* * * LOW HITPOINT WARNING * * *
The eight-headed hydra bites you!
* * * LOW HITPOINT WARNING * * *
The eight-headed hydra misses you.
As you read the scroll of teleportation, it crumbles to dust.
You feel strangely unstable. The eight-headed hydra bites you!
* * * LOW HITPOINT WARNING * * *
The eight-headed hydra barely misses you.
The eight-headed hydra completely misses you.
The eight-headed hydra bites you but does no damage.
The eight-headed hydra bites you!
* * * LOW MAGIC WARNING * * *
* * * LOW HITPOINT WARNING * * *
The eight-headed hydra closely misses you.
The eight-headed hydra bites you!
* * * LOW MAGIC WARNING * * *
You die...
Kikubaaqudgha rasps: "You have failed me!
Welcome... death!"

#.... ...
... #.##
##..#
#..#
##.##
##.D#
#..@#
###.#
#.## #..#
###†##
#.#.## ..
#....# ..
###
#.[..#
..# #.###
#....####


You could see an eight-headed hydra.

Vanquished Creatures
  Harold (D:9)
  A two-headed ogre (D:9)
  A rime drake (Lair:1)
  3 trolls
  A blink frog (Lair:1)
  3 water moccasins
  An orc warrior (D:9)
  2 ice beasts
  A black bear (D:6)
  2 eyes of draining (D:4)
  A sky beast (D:6)
  7 wolves
  3 ogres
  4 centaurs
  A necrophage (D:9)
  2 phantoms
  2 big kobolds
  8 bullfrogs
  A water moccasin zombie (D:9)
  8 scorpions
  A water moccasin skeleton (D:7)
  A killer bee (D:9)
  3 electric eels
  A quasit (D:8)
  5 orc priests
  7 hounds
  A jelly (D:5)
  A gnoll shaman (D:8)
  7 orc wizards
  3 iguanas
  7 worker ants
  2 hound skeletons
  A worker ant zombie (D:8)
  A howler monkey skeleton (D:5)
  8 gnolls
  12 adders
  2 white imps
  4 ufetubi
  2 adder skeletons
  3 worms
  2 dart slugs
  7 leopard geckos
  21 orcs
  6 bats
  9 giant cockroaches
  8 goblins
  4 hobgoblins
  12 jackals
  4 quokkas
  9 frilled lizards
  13 kobolds
  A leopard gecko skeleton (D:4)
  A leopard gecko zombie (D:7)
  14 rats
236 creatures vanquished.

Vanquished Creatures (others)
  3 fungi
  67 plants
  2 withered plants (D:6)
72 creatures vanquished.

Grand Total: 308 creatures vanquished

Notes
Turn   | Place    | Note
-------+----------+-------------------------------------------
     0 | D:1      | lunkers the Vine Stalker Necromancer began the quest for
                  | the Orb.
     0 | D:1      | Reached XP level 1. HP: 9/9 MP: 4/4
   428 | D:1      | Reached XP level 2. HP: 9/13 MP: 0/6
  1391 | D:2      | Reached XP level 3. HP: 12/16 MP: 3/7
  1805 | D:1      | Reached skill level 1 in Short Blades
  2742 | D:2      | Gained mutation: Your natural rate of healing is unusually
                  | fast. [Vine Stalker growth]
  2742 | D:2      | Reached XP level 4. HP: 16/21 MP: 4/9
  2928 | D:3      | Reached skill level 5 in Necromancy
  3126 | D:3      | Found a basalt altar of Yredelemnul.
  3436 | D:3      | Reached XP level 5. HP: 22/24 MP: 6/10
  3642 | D:4      | Reached skill level 6 in Necromancy
  3642 | D:4      | Reached XP level 6. HP: 25/28 MP: 5/11
  4147 | D:4      | Found a bloodstained altar of Trog.
  4147 | D:4      | Noticed an eye of draining
  4149 | D:4      | Noticed an eye of draining
  4261 | D:4      | Killed an eye of draining
  4275 | D:4      | Killed an eye of draining
  4276 | D:4      | Reached XP level 7. HP: 32/32 MP: 12/12
  4322 | D:4      | Reached skill level 7 in Necromancy
  4714 | D:5      | Entered Level 5 of the Dungeon
  4776 | D:4      | Learned a level 4 spell: Animate Dead
  5111 | D:5      | Found a runed translucent door.
  5114 | D:5      | Noticed Tocho's ghost (amateur DrTm)
  5204 | D:5      | Found Wocuxom's General Store.
  5207 | D:5      | Bought a scroll of blinking for 82 gold pieces
  5258 | D:5      | Found a radiant altar of Vehumet.
  5373 | D:5      | Found an opulent altar of Gozag.
  5535 | D:6      | Reached skill level 8 in Necromancy
  5566 | D:6      | Gained mutation: You have razor-sharp teeth. [Vine Stalker
                  | growth]
  5566 | D:6      | Reached XP level 8. HP: 27/36 MP: 10/13
  5610 | D:6      | Found a staircase to the Ecumenical Temple.
  5624 | Temple   | Entered the Ecumenical Temple
  5905 | D:6      | Reached skill level 1 in Fighting
  5905 | D:6      | Reached skill level 5 in Short Blades
  6201 | D:6      | Reached skill level 9 in Necromancy
  6364 | D:6      | Found an ancient bone altar of Kikubaaqudgha.
  6369 | D:6      | Became a worshipper of Kikubaaqudgha
  6397 | D:6      | Reached XP level 9. HP: 41/43 MP: 10/14
  6501 | D:6      | Found a sparkling altar of Nemelex Xobeh.
  6897 | D:7      | Found Doac Agi's Gadget Shoppe.
  7910 | D:8      | Reached skill level 5 in Fighting
  7984 | D:8      | Reached * piety under Kikubaaqudgha
  7984 | D:8      | Identified Kikubaaqudgha's Disquisition on Necromancy
                  | (Kikubaaqudgha gifted it to you on level 8 of the Dungeon)
  7984 | D:8      | Received a gift from Kikubaaqudgha
  8067 | D:8      | Reached XP level 10. HP: 30/53 MP: 10/15
  8392 | D:8      | Found a staircase to the Lair.
  8663 | D:8      | Reached skill level 1 in Long Blades
  8983 | D:9      | Upgraded the game from 0.26-a0-1021-gda264ca44c to
                  | 0.26-a0-1026-g544776af23
  9025 | D:9      | HP: 2/55 [bullfrog (4)]
  9344 | D:9      | Noticed Harold
  9356 | D:9      | Killed Harold
  9408 | D:9      | Noticed a two-headed ogre
  9718 | D:9      | Reached skill level 5 in Long Blades
  9720 | D:9      | Reached ** piety under Kikubaaqudgha
  9878 | D:9      | Killed a two-headed ogre
  9879 | D:9      | Reached XP level 11. HP: 60/60 MP: 16/16
 10052 | D:9      | Found a sacrificial altar of Ru.
 10179 | Lair:1   | Entered Level 1 of the Lair of Beasts
 10359 | Lair:1   | Noticed a seven-headed hydra
 10496 | Lair:1   | Noticed an eight-headed hydra
 10506 | Lair:1   | Slain by an eight-headed hydra

Illustrated notes

Levels and vault maps discovered:
D:1:      wander_arrival_peaceful_grave, layout_rooms, minmay_misc_feat_five
D:2:      layout_loops_ring
D:3:      layout_rooms, overflow_temple_1_default
D:4:      layout_basic, trog_eyes_of_draining
D:5:      layout_cave_pools, kennysheep_mini, serial_shops,
          kennysheep_mini_moat, ebering_ghost_inner_flame,
          nicolae_gozag_cash_rules_everything_around_me
D:6:      layout_rooms, kiku_gazebo_garden_becter,
          nicolae_overflow_hidden_temple, minmay_temple_entry_hall
D:7:      minmay_spotlight, layout_basic, serial_shops, shop
D:8:      layout_cave_pools, erik_lair_island, fungi_pond_lemuel
D:9:      layout_stronghold, kennysheep_little_box, serial_bayou_lagoon_a,
          uniq_harold
Temple:   minmay_temple_bridge_d
Lair:1:   layout_misc_corridors

Skill      XL: |  1  2  3  4  5  6  7  8  9 10 11 |
---------------+----------------------------------+-----
Short Blades   | 1 2 3 4 6 8 |  8.0
Necromancy     | 5 6 8 9 |  9.0
Fighting       | 2 6 8 |  8.5
Long Blades    | 5 6 |  6.6
Dodging        | |  1.5
Stealth        | |  2.4
Spellcasting   | |  2.6

Action                   |  1- 3 |  4- 6 |  7- 9 | 10-12 || total
-------------------------+-------+-------+-------+-------++-------
Melee: Dagger            |    18 |    45 |   373 |   168 ||   604
       Short sword       |     8 |       |       |       ||     8
       Bite              |     6 |    14 |   123 |    73 ||   216
       Double sword      |       |       |       |    49 ||    49
 Cast: Pain              |    76 |    74 |    93 |    48 ||   291
       Animate Dead      |       |       |       |     1 ||     1
Evoke: Wand              |       |       |       |    12 ||    12
  Use: Scroll            |       |       |    19 |     6 ||    25
       Potion            |       |       |       |     2 ||     2
 Stab: Sleeping          |       |       |     2 |     1 ||     3
       Paralysed         |       |       |     1 |     4 ||     5
Armor: Robe              |    18 |     7 |     7 |       ||    32
       Ring mail         |       |       |   125 |   149 ||   274
Dodge: Dodged            |    26 |    17 |   146 |   192 ||   381
       Rpst.: Double sword |       |       |       |    25 ||    25

Table legend: (Time is in decaauts)
 A = Elapsed time spent in this place.
 B = Non-inter-level travel time spent in this place.
 C = Inter-level travel time spent in this place.
 D = Time resting spent in this place.
 E = Time spent auto-exploring this place.
 F = Levels seen in this place.
 G = Mean time per level.
                   A        B        C        D        E       F      G
               +--------+--------+--------+--------+--------+-----+--------+
         Total |  10359 |   9962 |    397 |   1156 |   6910 |  11 |  941.7 |
       Dungeon |   9817 |   9429 |    388 |   1084 |   6562 |   9 | 1090.8 |
        Temple |    235 |    226 |      9 |      0 |    226 |   1 |  235.0 |
          Lair |    306 |    306 |      0 |     72 |    122 |   1 |  306.0 |
               +--------+--------+--------+--------+--------+-----+--------+

Top non-repeatable levels by time:
     D:1: 1676 daAuts
     D:2: 1245 daAuts
     D:4: 1237 daAuts
     D:9: 1214 daAuts
     D:7: 1130 daAuts
     D:8: 1115 daAuts
     D:6: 770 daAuts
     D:5: 731 daAuts
     D:3: 695 daAuts
  Lair:1: 306 daAuts
  Temple: 235 daAuts
